 Seeded DCSS version 0.30-a0-715-gdb4ae3ece1 (webtiles) character file.

Game seed: 17543857038586890609 (custom seed)

240 flotson the Sneak (level 5, -1/42 HPs)
             Began as a Demonspawn Delver on Jan 24, 2023.
             Slain by a kobold
             ... wielding a +0 dagger
              (2 damage)
             ... on level 1 of the Dungeon.
             The game lasted 00:02:24 (974 turns).

flotson the Sneak (Demonspawn Delver)                Turns: 974, Time: 00:02:25

Health: -1/42      AC:  8    Str: 15    XL:     5   Next: 80%
Magic:  5/5        EV:  4    Int: 11    God:
Gold:   135        SH:  4    Dex: 14    Spells: 4/4 levels left

rFire   . . .      SeeInvis .    a - +0 quarterstaff
rCold   . . .      Faith    .    (shield currently unavailable)
rNeg    . . .      Spirit   .    l - +0 chain mail
rPois   .          Reflect  .    (helmet restricted)
rElec   .          Harm     .    (no cloak)
rCorr   .          Rampage  .    (no gloves)
Will    .....                    (no boots) Stlth
                                 (no amulet)
HPRegen 0.27/turn                (no ring)
MPRegen 0.09/turn                (no ring)

@: constricted
A: antennae 2, large bone plates 1
a: no special abilities


You were on level 1 of the Dungeon.
You visited 1 branch of the dungeon, and saw 5 of its levels.

You collected 135 gold pieces.

Inventory:

Hand Weapons
 a - a +0 quarterstaff (weapon)
 b - a +0 arbalest
 j - a +0 hand axe
Missiles
 n - 4 poisoned darts
Armour
 l - a +0 chain mail (worn)
Wands
 g - a wand of digging (3)
Scrolls
 c - a scroll of fog
 d - a scroll of magic mapping
 f - a scroll of poison {unknown}
 h - a scroll of enchant weapon {unknown}
 i - a scroll of blinking {unknown}
 m - a scroll of brand weapon {unknown}
Potions
 e - a potion of flight {unknown}


   Skills:
 + Level 3.9 Fighting
 + Level 2.8 Axes
 + Level 0.0 Throwing
 + Level 1.8 Armour
 + Level 2.7 Dodging
 - Level 5.0 Stealth
 + Level 2.1 Evocations


You had 4 spell levels left.
You didn't know any spells.
Your spell library contained the following spells:

 Spells                   Type           Power      Damage    Failure   Level
 Summon Small Mammal      Summ           0%         N/A       100%        1
 Call Canine Familiar     Summ           0%         N/A       100%        3
 Summon Guardian Golem    Hex/Summ       0%         N/A       100%        3
 Passage of Golubria      Tloc           0%         N/A       100%        4
 Silence                  Hex/Air        0%         N/A       100%        5
 Lehudib's Crystal Spear  Conj/Erth      0%         10d2      100%        8


Dungeon Overview and Level Annotations

Branches:
Dungeon (5/15)
 Temple: D:4-7

Altars:
Gozag
Wu Jian
Xom


Innate Abilities, Weirdness & Mutations

You have a pair of antennae on your head.
You are partially covered in large bone plates. (SH +4)


Message History

The ball python bites you but does no damage.
The ball python constricts you. The endoplasm freezes you.
You are frozen.
* * * LOW HITPOINT WARNING * * *
The giant cockroach bites you but does no damage.
The kobold hits you but does no damage.
Okay, then.
You feel better. You block the ball python's attack.
The ball python constricts you.
The giant cockroach waves its antennae.
The giant cockroach bites you.
* * * LOW HITPOINT WARNING * * *
The endoplasm freezes you.
You are frozen.
* * * LOW HITPOINT WARNING * * *
The kobold hits you with a +0 dagger.
* * * LOW HITPOINT WARNING * * *
You feel better. You block the ball python's attack.
The ball python constricts you.
The giant cockroach bites you but does no damage.
The endoplasm hits you. The kobold hits you with a +0 dagger.
* * * LOW HITPOINT WARNING * * *
You block the ball python's attack. The ball python constricts you.
* * * LOW HITPOINT WARNING * * *
You hit the giant cockroach.
You kill the giant cockroach!
The endoplasm freezes you.
You are frozen.
* * * LOW HITPOINT WARNING * * *
The kobold hits you with a +0 dagger.
* * * LOW HITPOINT WARNING * * *
The ball python bites you but does no damage.
The ball python constricts you.
The ball python's grasp on you weakens, but your attempt to escape fails.
The endoplasm freezes you.
You are frozen.
* * * LOW HITPOINT WARNING * * *
The kobold hits you with a +0 dagger.
You die...

######......#.##.#.#.###.###
#...........#.##.....#.....#
#.###.##....#.#......#.#...#
#..........##..........#.†.#
#.######.#...##.##+#.###.#..
.........###.##.. #.#...#.#
############.#.#.###.###.#..
##K................
#S@###.###......#..
.....BJ## .[##....)...
##....K ..#........ #.....
.......... #.....
..#.##.##.. ....... ..##.
#.. .# ....... ## .. ### ##
...####


You could see an endoplasm, a giant cockroach, a ball python and 2 kobolds.

Vanquished Creatures
  An ice beast (D:5)
  3 hounds
  An iguana (D:5)
  A shadow imp (D:5)
  A dart slug (D:1)
  An orc (D:5)
  3 ball pythons (D:2)
  An endoplasm (D:3)
  A giant cockroach (D:1)
  2 hobgoblins
  4 jackals (D:1)
  A quokka (D:5)
  2 goblins
  2 kobolds (D:1)
  4 rats
28 creatures vanquished.

Vanquished Creatures (others)
  2 plants (D:1)
2 creatures vanquished.

Grand Total: 30 creatures vanquished

Notes
Turn   | Place    | Note
-------+----------+-------------------------------------------
     0 | D:5      | flotson the Demonspawn Delver began the quest for the Orb.
     0 | D:5      | Reached XP level 1. HP: 18/18 MP: 1/1
   131 | D:5      | Noticed a hound
   158 | D:5      | Killed a hound
   159 | D:5      | Gained mutation: You have a pair of small antennae on your
                  | head. [demonic ancestry]
   159 | D:5      | Reached XP level 2. HP: 4/24 MP: 2/2
   159 | D:5      | Gained mutation: You are partially covered in large bone
                  | plates. (SH +4) [demonic ancestry]
   159 | D:5      | Reached XP level 3. HP: 5/29 MP: 3/3
   401 | D:5      | Found an ornate altar of the Wu Jian Council.
   404 | D:5      | Found a shimmering altar of Xom.
   423 | D:5      | Reached skill level 1 in Evocations
   432 | D:5      | Noticed an ice beast
   433 | D:5      | Reached skill level 1 in Armour
   584 | D:5      | Reached XP level 4. HP: 35/35 MP: 4/4
   588 | D:5      | Killed an ice beast
   589 | D:5      | Reached skill level 5 in Stealth
   589 | D:5      | Gained mutation: You have a pair of antennae on your head.
                  | [demonic ancestry]
   589 | D:5      | Reached XP level 5. HP: 42/42 MP: 5/5
   643 | D:5      | Found an opulent altar of Gozag.
   970 | D:1      | HP: 2/42 [frozen (4)]
   974 | D:1      | Slain by a kobold

Illustrated notes

Levels and vault maps discovered:
D:1:      sevenhm_arrival_forest_fort_small_4, layout_basic, serial_shops,
          nicolae_shop_statue_plus, minmay_box_of_dots
D:2:      layout_loops_cross
D:3:      layout_loops_cross, nicolae_sif_muna_condensation,
          nicolae_overflow_hidden_temple, uniq_ijyb, uniq_crazy_yiuf_cottage
D:4:      layout_basic, mainiacjoe_overflow_cross_hatched, uniq_sigmund,
          uniq_blork_the_orc, uniq_robin
D:5:      nicolae_cairo_tiling_large_dashed, layout_loops_corners,
          nicolae_gozag_seed_capital, minmay_overflow_temple_star_quad,
          serial_rivers, chequers_serial_rivers_micro_e,
          chequers_serial_rivers_large_b, chequers_serial_rivers_micro_c,
          chequers_serial_rivers_room_b, roderic_lattice_a,
          nicolae_shop_unique_rings, grunt_ministairs_10

Skill      XL: |  1  2  3  4  5 |
---------------+----------------+-----
Axes           | 2 |  2.8
Dodging        | 2 |  2.7
Evocations     | 1 2 |  2.1
Armour         | 1 |  1.8
Stealth        | 5 |  5.0
Fighting       | |  3.9

Action                     |  1- 3 |  4- 6 || total
---------------------------+-------+-------++-------
  Melee: Hand axe          |    30 |       ||    30
         Punch             |     2 |       ||     2
         Quarterstaff      |       |     5 ||     5
   Fire: Arbalest          |    12 |    53 ||    65
    Use: Potion            |     1 |     3 ||     4
         Scroll            |     1 |       ||     1
 Armour: Leather armour    |     9 |     1 ||    10
         Chain mail        |       |    78 ||    78
  Dodge: Dodged            |    16 |    31 ||    47
  Block: Other             |     1 |    21 ||    22

Table legend: (Time is in decaauts)
 A = Elapsed time spent in this place.
 B = Non-inter-level travel time spent in this place.
 C = Inter-level travel time spent in this place.
 D = Time resting spent in this place.
 E = Time spent auto-exploring this place.
 F = Levels seen in this place.
 G = Mean time per level.
                   A        B        C        D        E       F      G
               +--------+--------+--------+--------+--------+-----+--------+
         Total |   1073 |   1064 |      9 |      0 |    742 |   5 |  214.6 |
       Dungeon |   1073 |   1064 |      9 |      0 |    742 |   5 |  214.6 |
               +--------+--------+--------+--------+--------+-----+--------+

Top non-repeatable levels by time:
     D:5: 687 daAuts
     D:1: 193 daAuts
     D:2: 130 daAuts
     D:3: 49 daAuts
     D:4: 12 daAuts
